 Dungeon Crawl Stone Soup version 0.28.0-43-g3370ac3207 (webtiles) character file.

Game seed: 17909484279350055823

43 Arcadio the Shooter (level 3, -2/23 HPs)
             Began as a Kobold Hunter on Mar 3, 2022.
             Slain by Terence
             ... wielding a +0 flail
              (8 damage)
             ... on level 2 of the Dungeon.
             The game lasted 00:04:15 (2507 turns).

Arcadio the Shooter (Kobold Hunter)                 Turns: 2507, Time: 00:04:16

Health: -2/23      AC:  6    Str: 11    XL:     3   Next: 82%
Magic:  3/3        EV: 15    Int: 18    God:
Gold:   55         SH:  0    Dex: 15    Spells: 2/2 levels left

rFire   + . .      SeeInvis .   b - +0 short sword
rCold   x . .      Faith    .   (no shield)
rNeg    . . .      Spirit   .   c - +0 leather armour
rPois   .          Reflect  .   (no helmet)
rElec   .          Harm     .   (no cloak)
rCorr   .          Rampage  .   j - +0 pair of gloves
Will    .....                   e - +1 pair of boots
Stlth   +++.......              (no amulet)
HPRegen 0.07/turn               i - ring of fire
MPRegen 0.08/turn               o - +6 ring of intelligence

@: no status effects
A: small, no large weapons, nightstalker 3
a: no special abilities


You were on level 2 of the Dungeon.
You visited 1 branch of the dungeon, and saw 2 of its levels.

You collected 55 gold pieces.

Inventory:

Hand Weapons
 a - a +1 shortbow
 b - a +0 short sword (weapon)
Missiles
 d - 80 arrows
Armour
 c - a +0 leather armour (worn)
 e - a +1 pair of boots (worn)
 j - a +0 pair of gloves (worn)
Jewellery
 i - a ring of fire (left hand)
 o - a +6 ring of intelligence (right hand)
Scrolls
 h - a scroll of noise {unknown}
 l - a scroll of vulnerability {unknown}
 m - a scroll of identify {unknown}
 n - a scroll of amnesia {unknown}
Potions
 f - a potion of haste {unknown}
 g - a potion of might {unknown}
 k - a potion of invisibility {unknown}


   Skills:
 + Level 3.0 Fighting
 + Level 4.4 Bows
 + Level 3.3 Dodging
 - Level 1.3 Stealth


You had 2 spell levels left.
You didn't know any spells.
Your spell library contained the following spells:

 Spells                   Type           Power      Damage    Failure   Level
 Blade Hands              Tmut           0%         N/A       100%        5
 Irradiate                Conj/Tmut      0%         3d14      100%        5
 Dragon Form              Tmut           0%         N/A       100%        7


Dungeon Overview and Level Annotations

Branches:
Dungeon (2/15)

Altars:

Shops:
D:2 !

Annotations:
D:2 Terence


Innate Abilities, Weirdness & Mutations

You are small and have problems with some larger weapons.
You are completely attuned to the shadows.


Message History

You hit Terence.
Terence is moderately wounded.
Terence shouts, "Get ready for death!"
Terence hits you but does no damage.
You completely miss Terence.
Terence is moderately wounded.
Terence barely misses you.
You hit Terence but do no damage.
Terence is moderately wounded.
Terence hits you but does no damage.
You hit Terence.
Terence is moderately wounded.
Terence misses you. Terence hits you with a +0 flail.
You hit Terence.
Terence is heavily wounded.
Terence barely misses you.
You closely miss Terence.
Terence is heavily wounded.
Terence hits you with a +0 flail.
You barely miss Terence.
Terence is heavily wounded.
Terence hits you with a +0 flail!
* * * LOW HITPOINT WARNING * * *
You hit Terence.
Terence is severely wounded.
Terence misses you.
You barely miss Terence.
Terence is severely wounded.
Terence barely misses you.
You closely miss Terence.
Terence is severely wounded.
Terence closely misses you.
You hit Terence but do no damage.
Terence is severely wounded.
Terence bares his teeth.
Terence barely misses you.
You completely miss Terence.
Terence is severely wounded.
Terence hits you with a +0 flail!
You die...

#........## #.#
#.# ########
##..##.#..# #.#
#.# # #......#.#
#.. #
#...≈≈...## .#
#..≈≈≈≈≈..###.#
##.≈≈≈≈≈....#.#
#.≈≈≈≈≈....#.##
≈≈≈≈.......####!
≈≈≈...###..@@...
.....# #######.
..


You could see Terence.

Vanquished Creatures
  A worm (D:2)
  2 ball pythons (D:1)
  A bat (D:1)
  3 endoplasms
  A giant cockroach (D:2)
  5 goblins
  7 hobgoblins
  A quokka (D:2)
  10 frilled lizards
  2 kobolds
  3 rats (D:1)
36 creatures vanquished.

Vanquished Creatures (collateral kills)
  A hobgoblin (D:2)
1 creature vanquished.

Vanquished Creatures (others)
  2 plants (D:1)
2 creatures vanquished.

Grand Total: 39 creatures vanquished

Notes
Turn   | Place    | Note
-------+----------+-------------------------------------------
     0 | D:1      | Arcadio the Kobold Hunter began the quest for the Orb.
     0 | D:1      | Reached XP level 1. HP: 12/12 MP: 1/1
   452 | D:1      | Found a faded altar of an unknown god.
   462 | D:1      | Reached XP level 2. HP: 13/18 MP: 2/2
  1474 | D:1      | Reached XP level 3. HP: 22/22 MP: 3/3
  2376 | D:2      | Found Serijil's Distillery.
  2489 | D:2      | Noticed Terence
  2507 | D:2      | Slain by Terence

Illustrated notes

Levels and vault maps discovered:
D:1:      eino_arrival_druids_welcome, layout_basic,
          nicolae_ecumenical_snake_handling
D:2:      layout_rooms, serial_shops, nicolae_shop_hallway_stairs,
          minmay_lizard_pond, uniq_terence

Skill      XL: |  1  2  3 |
---------------+----------+-----
Dodging        | 3 |  3.3
Fighting       | 3 |  3.0
Bows           | |  4.4
Stealth        | |  1.3

Action                   || total
-------------------------++-------
Melee: Short sword       ||   148
 Fire: Shortbow          ||     8
  Use: Scroll            ||     2
 Stab: Sleeping          ||     9
Armor: Leather armour    ||    35
Dodge: Dodged            ||   110
